 Dungeon Crawl Stone Soup version 0.32-a0-7-ge934b4519a (webtiles) character file.

Game seed: 628421876138659282

214 jasper the Digger (level 5, -1/38 HPs)
             Began as an Armataur Earth Elementalist on Jan 13, 2024.
             Slain by an orc
             ... wielding a +0 trident
              (5 damage)
             ... on level 4 of the Dungeon.
             The game lasted 00:05:57 (3528 turns).

jasper the Digger (Armataur Earth Elementalist)     Turns: 3528, Time: 00:05:57

Health: -1/38      AC:  4    Str: 13    XL:     5   Next: 59%
Magic:  6/8        EV:  9    Int: 17    God:
Gold:   157        SH:  0    Dex: 11    Spells: 4/8 levels left

rFire   . . .        z - +4 trident of Dishonesty {freeze, +Blink rC++ rCorr SInv}
rCold   + + .        (no shield)
rNeg    . . .        a - +0 robe
rPois   .            (no helmet)
rElec   .            (no cloak)
rCorr   +            (no gloves)
SInv    +            (no barding)
Will    .....        (no amulet)
Stlth   ++           (no ring)
HPRegen 0.26/turn    (no ring)
MPRegen 0.44/turn

%: roll
@: no status effects
A: large, deformed body, tough skin 3, armoured tail, roll 1
a: Evoke Blink


You were on level 4 of the Dungeon.
You visited 1 branch of the dungeon, and saw 4 of its levels.

You collected 157 gold pieces.

Inventory:

Hand Weapons
 c - a +0 short sword
 e - a +5 dagger of chaos
 h - a +0 battleaxe
 k - a +0 shortbow
 z - the +4 trident of Dishonesty (weapon) {freeze, +Blink rC++ rCorr SInv}
   (You found it on level 4 of the Dungeon)

   rC++:      It greatly protects you from cold.
   SInv:      It lets you see invisible.
   +Blink:    It lets you blink.
   rCorr:     It protects you from acid and corrosion.
Missiles
 g - 18 stones
 j - 5 poisoned darts
Armour
 a - a +0 robe (worn)
 n - a +0 ring mail
 r - a +0 leather armour
Jewellery
 d - a ring of ice
Wands
 p - a wand of flame (11)
 w - a wand of charming (2)
Scrolls
 l - a scroll of silence {unknown}
 q - a scroll of identify {unknown}
 u - a scroll of enchant weapon
 x - a scroll of vulnerability {unknown}
 y - 2 scrolls of fear {unknown}
Potions
 b - a potion of magic
 f - a potion of heal wounds {unknown}
 i - a potion of resistance {unknown}
 m - a potion of haste {unknown}
 o - a potion of berserk rage {unknown}
 s - a potion of curing {unknown}
 t - a potion of might {unknown}
 v - a potion of lignification {unknown}


   Skills:
 - Level 1.3 Dodging
 - Level 2.1 Stealth
 - Level 2.0 Spellcasting
 - Level 0.8 Conjurations
 + Level 5.7 Earth Magic


You had 4 spell levels left.
You knew the following spells:

 Your Spells              Type           Power      Damage    Failure   Level
a - Sandblast             Erth           42%        2d11      1%          1
b - Passwall              Erth           21%        N/A       5%          3

Your spell library contained the following spells:

 Spells                   Type           Power      Damage    Failure   Level
 Stone Arrow              Conj/Erth      24%        3d8       16%         3
 Brom's Barrelling Bould  Conj/Erth      12%        2d4       45%         4
 Tukima's Dance           Hex            1%         N/A       50%         3
 Petrify                  Alch/Erth      11%        N/A       52%         4
 Iskenderun's Mystic Bla  Conj/Tloc      3%         2d3       85%         4
 Dimensional Bullseye     Hex/Tloc       0%         N/A       88%         4
 Passage of Golubria      Tloc           1%         N/A       88%         4
 Yara's Violent Unravell  Hex/Alch       0%         3d3       99%         5


Dungeon Overview and Level Annotations

Branches:
Dungeon (4/15)
 Temple: D:4-7

Altars:
Dithmenos

Annotations:
D:4 exclusion: iguana


Innate Abilities, Weirdness & Mutations

Armour fits poorly on your strangely shaped body.
You have extremely tough skin. (AC +3)
You have a long armoured tail.
You regenerate magic when rolling toward enemies. (Rampage MPRegen)


Message History

Okay, then.
Aiming: Sandblast (safe; 1% risk of failure)
Press: ? - help, Q - select action, (/) - cycle Shift-Dir - straight line, f - orc wizard
Aim: an orc wizard, wielding a +0 dagger and wearing a +0 robe (lightly wounded, 79% to hit)
The blast of sand misses the orc wizard.
The blast of sand misses the orc.
The orc wizard hits you but does no damage.
The orc hits you but does no damage.
You now have 7/8 mp.
Aiming: Sandblast (safe; 1% risk of failure)
Press: ? - help, Q - select action, (/) - cycle Shift-Dir - straight line, f/p - orc wizard
Aim: an orc wizard, wielding a +0 dagger and wearing a +0 robe (lightly wounded, 79% to hit)
The blast of sand hits the orc wizard.
The orc wizard is heavily wounded.
The orc barely misses you. The orc wizard misses you.
The orc hits you but does no damage. The orc wizard barely misses you.
You now have 6/8 mp.
Aiming: Sandblast (safe; 1% risk of failure)
Press: ? - help, Q - select action, (/) - cycle Shift-Dir - straight line, f/p - orc wizard
Aim: an orc wizard, wielding a +0 dagger and wearing a +0 robe (heavily wounded, 79% to hit)
The blast of sand hits the orc wizard!
You kill the orc wizard!
The orc hits you from afar with a +0 trident.
* * * LOW HITPOINT WARNING * * *
You take 5 damage, and have 7/38 hp.
You now have 5/8 mp.
The orc throws a boomerang.
The boomerang barely misses you.
You roll towards the orc!
You hit the orc. You freeze the orc.
The orc is moderately wounded.
The orc hits you but does no damage.
The orc hits you from afar with a +0 trident.
* * * LOW HITPOINT WARNING * * *
You take 5 damage, and have 3/38 hp.
Okay, then.
Aiming: Sandblast (safe; 1% risk of failure)
Press: ? - help, Q - select action, (/) - cycle Shift-Dir - straight line, f - orc
Aim: an orc, wielding a +0 short sword and quivering boomerangs (moderately wounded, 83% to hit)
The blast of sand hits the orc!
You kill the orc!
The orc hits you from afar with a +0 trident.
You die...

#.....................#
#.....................#
#+########.....................#
.......................###.#####.
.............#######+### #.## #.
.............# #.......# #..# #.
.............# #.....#.####.####.
.............#######...##.....##.
............†)o)@......#.......##
..#######....#######..##..~~~..##
... #.......# #..##..~~~...# .o.
#...#.).# #..##..~~~.... ..##
######..### #...#..~~~..## ...
#.......# #.#.....⌠..... ..g
#...#...# #.............
######..## #######.......
#......# #.........


You could see an orc.

Vanquished Creatures
  A bombardier beetle (D:4)
  2 iguanas (D:4)
  An orc wizard (D:4)
  3 dart slugs
  9 orcs
  3 endoplasms
  5 giant cockroaches
  9 hobgoblins
  6 jackals
  A quokka (D:2)
  4 ball pythons
  5 bats
  6 goblins
  7 kobolds
  2 rats (D:1)
64 creatures vanquished.

Vanquished Creatures (collateral kills)
  An iguana (D:4)
  A dart slug (D:4)
2 creatures vanquished.

Grand Total: 66 creatures vanquished

Notes
Turn   | Place    | Note
-------+----------+-------------------------------------------
     0 | D:1      | jasper the Armataur Earth Elementalist began the quest for
                  | the Orb.
     0 | D:1      | Reached XP level 1. HP: 14/14 MP: 3/3
   322 | D:1      | Reached skill level 3 in Earth Magic
   350 | D:1      | Reached XP level 2. HP: 20/20 MP: 1/5
  1458 | D:2      | Reached XP level 3. HP: 26/26 MP: 4/6
  1481 | D:2      | Learned a level 3 spell: Passwall
  1768 | D:2      | Identified the +6 dagger "Peturak" {freeze, +Blink Int-5
                  | Dex+6}
  2094 | D:2      | Reached skill level 4 in Earth Magic
  2642 | D:3      | Found a shadowy altar of Dithmenos.
  2805 | D:3      | Reached XP level 4. HP: 33/33 MP: 4/7
  3208 | D:4      | Reached skill level 5 in Earth Magic
  3208 | D:4      | Reached XP level 5. HP: 23/38 MP: 8/8
  3379 | D:4      | Identified the +4 trident of Dishonesty {freeze, +Blink
                  | rC++ rCorr SInv}
  3528 | D:4      | Slain by an orc

Illustrated notes

Levels and vault maps discovered:
D:1:      psy_arrival_radial02, layout_basic, serial_co_window_serial,
          co_window_of_opportunity_a, co_window_paths_b,
          co_window_of_opportunity_a, co_window_corner_a, co_window_corner_a,
          co_window_paths_a, co_window_corner_a, co_window_broadway_a,
          co_window_corner_b, co_window_corner_b, co_window_unsneaky_path_b,
          glass_columns_b, glass_columns_a, glass_columns_a, glass_columns_c,
          glass_columns_c
D:2:      layout_loops_ring, minivault_5
D:3:      layout_basic, nicolae_dithmenos_the_darkroom, grunt_ministairs_14,
          minmay_misc_feat_alley
D:4:      layout_basic, hangedman_abyss_or_decor_stagger, serial_park_tiny_pond,
          hangedman_decor_slide_cut, corexii_leaking_fountain

Skill      XL: |  1  2  3  4 |
---------------+-------------+-----
Spellcasting   | 2 |  2.0
Earth Magic    | 3 4 5 |  5.7
Dodging        | |  1.3
Stealth        | |  2.1
Conjurations   | |  0.8

Action                     |  1- 3 |  4- 6 || total
---------------------------+-------+-------++-------
  Melee: Short sword       |     1 |       ||     1
         Dagger            |     5 |     5 ||    10
         Tailslap          |     1 |     3 ||     4
         Trident           |       |     4 ||     4
         Punch             |       |     1 ||     1
  Throw: Dart              |     1 |     3 ||     4
   Cast: Sandblast         |    78 |    25 ||   103
  Evoke: Wand              |       |     5 ||     5
    Use: Scroll            |     2 |       ||     2
   Stab: Sleeping          |     2 |       ||     2
 Armour: Robe              |    25 |    31 ||    56
  Dodge: Dodged            |    16 |    22 ||    38

Table legend: (Time is in decaauts)
 A = Elapsed time spent in this place.
 B = Non-inter-level travel time spent in this place.
 C = Inter-level travel time spent in this place.
 D = Time resting spent in this place.
 E = Time spent auto-exploring this place.
 F = Levels seen in this place.
 G = Mean time per level.
                   A        B        C        D        E       F      G
               +--------+--------+--------+--------+--------+-----+--------+
         Total |   3579 |   3442 |    137 |    204 |   2680 |   4 |  894.8 |
       Dungeon |   3579 |   3442 |    137 |    204 |   2680 |   4 |  894.8 |
               +--------+--------+--------+--------+--------+-----+--------+

Top non-repeatable levels by time:
     D:1: 1371 daAuts
     D:2: 908 daAuts
     D:3: 805 daAuts
     D:4: 493 daAuts
